 Dungeon Crawl Stone Soup version 0.20-a0-509-ga2a529b (webtiles) character file.

156 Kaname the Charmwright (level 5, 20/38 HPs)
             Began as a Demonspawn Skald on Jan 22, 2017.
             Quit the game on level 3 of the Dungeon.
             The game lasted 00:06:22 (2942 turns).

Kaname the Charmwright (Demonspawn Skald)           Turns: 2942, Time: 00:06:22

Health: 20/38      AC:  5    Str: 11    XL:     5   Next: 15%
Magic:  1/8        EV: 11    Int: 16    God:
Gold:   121        SH:  0    Dex: 12    Spells: 3/8 levels left

rFire    . . .     SeeInvis .   i - +0 short sword (curse)
rCold    . . .     Gourm    .   b - +0 leather armour
rNeg     . . .     Faith    .   (no shield)
rPois    .         Spirit   +   (no helmet)
rElec    .         Reflect  .   (no cloak)
rCorr    .         Harm     .   (no gloves)
MR       .....                  (no boots)
Stlth    ++........             (no amulet)
Regen    0.2/turn               (no ring)
                                (no ring)

@: infused (expiring), slowed, very slow
A: talons 1, molten scales 1, magic shield
a: no special abilities


You were on level 3 of the Dungeon.
You were not hungry.

You visited 1 branch of the dungeon, and saw 3 of its levels.

You collected 121 gold pieces.

Inventory:

Hand Weapons
 i - a cursed +0 short sword (weapon)
 j - a +2 short sword of venom
 q - a +2 dagger of venom
Missiles
 m - 5 tomahawks of returning (quivered)
Armour
 b - a +0 leather armour (worn)
Jewellery
 p - a cursed ring of teleportation {unknown}
Scrolls
 l - a scroll of teleportation
Potions
 a - 2 potions of ambrosia {unknown}
 e - 2 potions of curing
 f - a potion of mutation {unknown}
 g - 2 potions of flight {unknown}
 h - a potion of cancellation {unknown}
Books
 c - a book of Battle

   Spells                             Type                      Level
   a - Infusion                       Charms                       1
   b - Shroud of Golubria             Charms/Translocation         2
   c - Song of Slaying                Charms                       2
   d - Spectral Weapon                Hexes/Charms                 3
   e - Regeneration                   Charms/Necromancy            3
Comestibles
 d - 5 bread rations
 n - a royal jelly
 o - 3 fruits


   Skills:
 - Level 2.0 Fighting
 + Level 3.1 Short Blades
 - Level 0.8 Armour
 - Level 1.7 Dodging
 - Level 2.2 Stealth
 - Level 2.0 Spellcasting
 - Level 4.0 Charms


You had 3 spell levels left.
You knew the following spells:

 Your Spells              Type           Power        Failure   Level  Hunger
a - Infusion              Chrm           ##..         6%          1    #......
b - Song of Slaying       Chrm           ##......     10%         2    ###....
c - Shroud of Golubria    Chrm/Tloc      #.........   17%         2    ###....


Dungeon Overview and Level Annotations

Branches:
Dungeon (3/15)

Altars:
Zin


Innate Abilities, Weirdness & Mutations

You have sharp toenails.
You are partially covered in molten scales. (AC +2)
When hurt, damage is shared between your health and your magic reserves.


Message History

You hit the orc!
You kill the orc!
The orc wizard casts a spell at you. The magic dart hits you!
All of the chunks of flesh in your inventory have rotted away.
You miss the orc wizard.
The orc wizard is almost dead.
The orc wizard hits you but does no damage.
The orc wizard closely misses you.
The orc wizard hits you but does no damage.
You hit the orc wizard!
You kill the orc wizard!
Your Short Blades skill increases to level 3!
You have reached level 5!
Your demonic ancestry asserts itself...
Molten scales grow over part of your body.
Your magical infusion is running out.
Items here: )) [ †† a dagger; a robe; a dagger; an orc corpse x2
Are you sure you want to abandon this character and quit the game? (Confirm with "yes".)

# .#
.####
...o..
###...(o.
#...$.oo.
#.# #@#
#.# #[#
#<# ###


There were no monsters in sight!

Vanquished Creatures
  2 orc wizards
  2 adders (D:2)
  An ooze (D:1)
  7 dart slugs
  3 leopard geckos (D:1)
  2 orcs (D:3)
  2 ball pythons (D:2)
  4 bats
  3 giant cockroaches
  6 goblins
  8 hobgoblins
  9 kobolds
  5 frilled lizards
  5 rats
59 creatures vanquished.

Notes
Turn   | Place    | Note
-------+----------+-------------------------------------------
     0 | D:1      | Kaname the Demonspawn Skald began the quest for the Orb.
     0 | D:1      | Reached XP level 1. HP: 16/16 MP: 3/3
    93 | D:1      | Reached skill level 3 in Charms
   255 | D:1      | Gained mutation: You have sharp toenails. [demonic ancestry]
   255 | D:1      | Reached XP level 2. HP: 14/22 MP: 5/5
   386 | D:1      | Learned a level 2 spell: Song of Slaying
   389 | D:1      | Learned a level 2 spell: Shroud of Golubria
   730 | D:1      | Gained mutation: When hurt, damage is shared between your health and your magic reserves. [demonic ancestry]
   730 | D:1      | Reached XP level 3. HP: 14/27 MP: 6/6
  1380 | D:1      | Reached skill level 4 in Charms
  1874 | D:2      | Reached skill level 1 in Stealth
  2008 | D:2      | Found a glowing silver altar of Zin.
  2030 | D:2      | Reached XP level 4. HP: 18/33 MP: 2/7
  2940 | D:3      | Gained mutation: You are partially covered in molten scales. (AC +2) [demonic ancestry]
  2940 | D:3      | Reached XP level 5. HP: 20/38 MP: 1/8
  2942 | D:3      | Quit the game

Vault maps used:
D:1:      minmay_arrival_floating_metal
D:2:      overflow_temple_1_default, first_bread
D:3:      solitary_fountain

Skill      XL: |  1  2  3  4 |
---------------+-------------+-----
Short Blades   | 2 3 |  3.1
Charms         | 3 4 |  4.0
Stealth        | 1 2 |  2.2
Fighting       | |  2.0
Armour         | |  0.8
Dodging        | |  1.7
Spellcasting   | |  2.0

Action                   |  1- 3 |  4- 6 || total
-------------------------+-------+-------++-------
Melee: Short sword       |   191 |    72 ||   263
       Kick              |    35 |    11 ||    46
 Cast: Infusion          |     2 |     3 ||     5
  Use: Scroll            |     2 |       ||     2
       Potion            |       |     1 ||     1
 Stab: Sleeping          |     1 |     2 ||     3
  Eat: Chunk             |     3 |     4 ||     7
Armor: Leather armour    |    39 |    20 ||    59
Dodge: Dodged            |   114 |    34 ||   148
